 Dungeon Crawl Stone Soup version 0.29.1-12-g30fa7ad0bf (webtiles) character file.

Game seed: 13949617288668504416

3215 hitthewallwitha the Protected (level 9, -2/75 HPs)
             Began as a Minotaur Fighter on Dec 28, 2022.
             Was a Priest of Wu Jian.
             Slain by Grum
             ... wielding a -1 vampiric spear
              (13 damage)
             ... on level 8 of the Dungeon.
             The game lasted 00:35:08 (10448 turns).

hitthewallwitha the Protected (Minotaur Fighter)   Turns: 10448, Time: 00:35:09

Health: -2/75      AC: 14    Str: 25    XL:     9   Next: 65%
Magic:  8/8        EV: 17    Int:  5    God:    Wu Jian [***...]
Gold:   506        SH: 10    Dex: 10    Spells: 8/8 levels left

rFire   + . .      SeeInvis .   r - +3 long sword (freeze)
rCold   . . .      Faith    .   c - +0 buckler
rNeg    . . .      Spirit   .   N - +0 chain mail {rF+}
rPois   .          Reflect  +   (helmet restricted)
rElec   .          Harm     .   Z - +0 cloak
rCorr   .          Rampage  .   y - +0 pair of gloves
Will    .....                   (no boots)
Stlth   ..........              Q - amulet of reflection
HPRegen 0.22/turn               l - +4 ring of evasion
MPRegen 0.11/turn               a - +4 ring of evasion

@: mighty
A: horns 2, retaliatory headbutt
a: Renounce Religion, Wall Jump, Serpent's Lash


You were on level 8 of the Dungeon.
You worshipped Wu Jian.
Wu Jian was most pleased with you.
You visited 2 branches of the dungeon, and saw 9 of its levels.

You collected 506 gold pieces.

Inventory:

Hand Weapons
 o - a +2 vorpal trident
 r - a +3 long sword of freezing (weapon)
 C - a +0 dagger of protection
 D - a +1 dagger of holy wrath
 F - a +2 dire flail of venom
 J - a +2 dagger of venom
 O - a +1 whip of distortion
 S - a +1 whip of draining
 X - a +1 dagger of venom
 Y - a +4 quarterstaff of chaos
Missiles
 h - 90 stones
 i - 6 large rocks
 I - 8 curare-tipped darts
 T - 9 poisoned darts
 W - 3 boomerangs of dispersal
Armour
 b - a +0 pair of gloves
 c - a +0 buckler (worn)
 y - a +0 pair of gloves (worn)
 N - a +0 chain mail of fire resistance (worn)
 Z - a +0 cloak (worn)
Jewellery
 a - a +4 ring of evasion (right hand)
 l - a +4 ring of evasion (left hand)
 M - a +6 ring of intelligence
 Q - an amulet of reflection (around neck)
 V - an amulet of magic regeneration
Wands
 R - a wand of roots (5) (quivered)
Scrolls
 f - a scroll of poison {unknown}
 g - a scroll of amnesia {unknown}
 k - a scroll of fear {unknown}
 p - a scroll of acquirement {unknown}
 q - 2 scrolls of teleportation
 t - a scroll of immolation {unknown}
 x - a scroll of fog {unknown}
 B - 2 scrolls of blinking
 U - a scroll of brand weapon {unknown}
Potions
 d - a potion of might
 e - a potion of haste {unknown}
 j - a potion of invisibility {unknown}
 m - 3 potions of magic
 n - 2 potions of ambrosia {unknown}
 u - 2 potions of mutation {unknown}
 v - 3 potions of degeneration
 w - 3 potions of heal wounds {unknown}
 A - 2 potions of attraction
 K - a potion of flight {unknown}
 L - a potion of lignification {unknown}
 P - 2 potions of brilliance {unknown}


   Skills:
 + Level 6.3 Fighting
 + Level 5.0 Short Blades
 + Level 1.0(3.5) Long Blades
 + Level 5.9 Maces & Flails
 + Level 10.6 Armour
 + Level 3.6 Dodging
 + Level 1.2 Stealth
 + Level 7.5 Shields
 + Level 2.0 Evocations


You had 8 spell levels left.
You didn't know any spells.
Your spell library contained the following spells:

 Spells                   Type           Power      Damage    Failure   Level
 Magic Dart               Conj           0%         1d3       97%         1
 Ensorcelled Hibernation  Hex/Ice        0%         N/A       99%         2
 Searing Ray              Conj           0%         2d4       99%         2
 Static Discharge         Conj/Air       0%         3-3/arc   99%         2
 Sublimation of Blood     Necr           0%         N/A       99%         2
 Wereblood                Tmut           0%         N/A       99%         2
 Spider Form              Tmut/Pois      0%         N/A       100%        3
 Anguish                  Hex/Necr       0%         N/A       100%        4
 Dispel Undead            Necr           0%         3d6       100%        4
 Fulminant Prism          Conj/Hex       0%         3d6       100%        4
 Sticky Flame             Conj/Fire      0%         2d3       100%        4
 Summon Hydra             Summ           0%         N/A       100%        7
 Chain Lightning          Conj/Air       0%         N/A       100%        9
 Fire Storm               Conj/Fire      0%         5d1       100%        9
 Shatter                  Erth           0%         3d5*      100%        9


Dungeon Overview and Level Annotations

Branches:
Dungeon (8/15)             Temple (1/1) D:5
   Lair: D:8-11

Altars:
Ashenzari
Cheibriados
Dithmenos
Elyvilon
Fedhas
Gozag
Hepliaklqana
Kikubaaqudgha
Makhleb
Nemelex Xobeh
Okawaru
Ru
Sif Muna
Uskayaw
Vehumet
Wu Jian
Xom
Yredelemnul
Zin
The Shining One

Annotations:
D:8 Grum


Innate Abilities, Weirdness & Mutations

You have a pair of horns on your head.
You reflexively headbutt those who attack you in melee.


Message History

You slash the yak! You freeze the yak.
You kill the yak!
The Council accepts your kill.
Grum hits you from afar with a -1 vampiric spear.
The yak barely misses you.
You hit the yak. You freeze the yak.
The yak is moderately wounded.
Grum hits you from afar with a -1 vampiric spear.
Grum misses you. The yak gores you!
* * * LOW HITPOINT WARNING * * *
The orc priest miscasts a cantrip.
The orc warrior hits you with a +0 war axe.
* * * LOW HITPOINT WARNING * * *
You feel better.
Grum hits you from afar with a -1 vampiric spear!
* * * LOW HITPOINT WARNING * * *
You block the yak's attack.
You feel very mighty all of a sudden. Grum barely misses you.
You block the orc warrior's attack. The yak closely misses you.
You slash the yak! You freeze the yak.
The yak is heavily wounded.
Grum misses you. The orc warrior barely misses you. You block the yak's attack.
You hit the yak. You freeze the yak.
The yak is heavily wounded.
You block Grum's attack. The yak completely misses you.
You furiously retaliate!
You headbutt the yak. You block the orc warrior's attack.
You slice the yak!! You freeze the yak.
You kill the yak!
The Council accepts your kill. You block Grum's attack.
The orc warrior hits you with a +0 war axe.
* * * LOW HITPOINT WARNING * * *
Your Short Blades skill increases to level 5!
Your base Long Blades skill increases to level 1!
You slash the orc warrior! You freeze the orc warrior.
The orc warrior is severely wounded.
Grum hits you from afar with a -1 vampiric spear!
You die...

.#..###..#)......##
.....#............#
#.........#.....###
#.........##...##
#......†..#.....#####
.....#..............# .
.#..###..#....†o.##.# ..#
###.....###...go###.##....#
.#.......#..###)@<.......#
oo...........#########.###
..#.....#.....# #
..##...##.....#
..#.....#.....#
........)....#.....
.#.......#..#######
###.....###..# #.###.# ##.#


You could see Grum, an orc warrior and an orc priest.

Vanquished Creatures
  2 yaks (D:8)
  Edmund (D:4)
  4 water moccasins
  An orc warrior (D:6)
  A sky beast (D:8)
  A black bear (D:7)
  An ogre (D:4)
  4 wolves (D:8)
  A phantom (D:6)
  2 kobold brigands
  5 bullfrogs
  A necrophage (D:6)
  3 scorpions
  A wight (D:8)
  3 killer bees (D:7)
  A howler monkey (D:6)
  A gnoll bouda (D:7)
  2 orc priests
  2 iguanas (D:6)
  2 jellies
  Crazy Yiuf (D:6)
  12 orc wizards
  6 adders
  5 gnolls (D:7)
  A shadow imp (D:7)
  A white imp (D:5)
  2 worms (D:2)
  A dart slug (D:1)
  24 orcs
  7 bats
  7 endoplasms
  4 giant cockroaches
  3 goblins
  4 hobgoblins
  3 jackals (D:3)
  A quokka (D:2)
  4 ball pythons
  2 frilled lizards (D:2)
  14 kobolds
  4 rats
145 creatures vanquished.

Vanquished Creatures (others)
  A kobold (D:8)
1 creature vanquished.

Grand Total: 146 creatures vanquished

Notes
Turn   | Place    | Note
-------+----------+-------------------------------------------
     0 | D:1      | hitthewallwitha the Minotaur Fighter began the quest for
                  | the Orb.
     0 | D:1      | Reached XP level 1. HP: 19/19 MP: 0/0
    17 | D:1      | Found a faded altar of an unknown god.
   218 | D:1      | Reached XP level 2. HP: 27/27 MP: 1/1
   577 | D:1      | Prayed at the altar of an unknown god.
   577 | D:1      | Became a worshipper of the Wu Jian Council
   577 | D:1      | Reached * piety under Wu Jian
   614 | D:1      | Reached skill level 4 in Armour
  1232 | D:2      | Reached XP level 3. HP: 33/33 MP: 2/2
  1980 | D:3      | Reached XP level 4. HP: 17/40 MP: 3/3
  2352 | D:3      | Found a radiant altar of Vehumet.
  2454 | D:3      | Reached ** piety under Wu Jian
  2455 | D:3      | Reached XP level 5. HP: 19/47 MP: 4/4
  2457 | D:3      | Reached skill level 5 in Armour
  2457 | D:3      | Reached skill level 1 in Dodging
  3462 | D:4      | Noticed an ogre
  3473 | D:4      | Killed an ogre
  3474 | D:4      | Reached skill level 5 in Maces & Flails
  3474 | D:4      | Reached XP level 6. HP: 21/53 MP: 5/5
  4518 | D:4      | Noticed Edmund
  4523 | D:4      | Killed Edmund
  4524 | D:4      | Reached skill level 5 in Fighting
  5194 | D:5      | Entered Level 5 of the Dungeon
  5360 | D:5      | Reached skill level 6 in Armour
  5397 | D:5      | Reached XP level 7. HP: 53/61 MP: 6/6
  5623 | D:5      | Reached skill level 1 in Evocations
  5930 | D:5      | Reached skill level 1 in Short Blades
  6162 | D:5      | Found a staircase to the Ecumenical Temple.
  6179 | Temple   | Entered the Ecumenical Temple
  6714 | D:6      | Reached skill level 7 in Armour
  6714 | D:6      | Reached skill level 5 in Shields
  6772 | D:6      | Reached XP level 8. HP: 49/69 MP: 7/7
  7251 | D:6      | Reached skill level 1 in Stealth
  7512 | D:6      | Reached skill level 8 in Armour
  7989 | D:6      | Found a shimmering altar of Xom.
  8266 | D:6      | Found a runed translucent door.
  8267 | D:6      | Noticed Crazy Yiuf
  8274 | D:6      | Killed Crazy Yiuf
  9443 | D:7      | Reached *** piety under Wu Jian
  9468 | D:7      | Reached skill level 9 in Armour
  9532 | D:7      | Reached XP level 9. HP: 65/75 MP: 8/8
  9718 | D:7      | Found a basalt altar of Yredelemnul.
  9718 | D:7      | Found a broken altar of Ashenzari.
 10210 | D:8      | Reached skill level 10 in Armour
 10398 | D:8      | Noticed Grum
 10448 | D:8      | Reached skill level 5 in Short Blades
 10448 | D:8      | Reached skill level 1 in Long Blades
 10448 | D:8      | Slain by Grum

Illustrated notes

Levels and vault maps discovered:
D:1:      dpeg_arrival_radiant, layout_basic, chequers_ecumenical_altar_island
D:2:      layout_basic
D:3:      layout_loops_ring, nicolae_vehumet_radiance
D:4:      layout_layer_cave, minmay_fountain_box, uniq_edmund
D:5:      layout_rooms, lemuel_temple_firewalk_b
D:6:      layout_basic, tgw_xom, corexii_corridor_pit, minmay_misc_feat_chi,
          uniq_crazy_yiuf_cottage
D:7:      layout_basic, minitemple, enter_bailey_2, nrook_loot_triangle,
          dk_noncrumbling_4
D:8:      nicolae_cairo_tiling_large_dashed, layout_loops_ring,
          chequers_ossuary_entry_cave, nrook_campfire, uniq_grum
Temple:   nicolae_temple_superstar

Skill      XL: |  1  2  3  4  5  6  7  8  9 |
---------------+----------------------------+-----
Fighting       | 4 5 6 |  6.3
Armour         | 4 5 6 7 9 10 | 10.6
Shields        | 4 5 7 |  7.5
Maces & Flails | 3 4 5 |  5.9
Dodging        | 1 2 3 |  3.6
Evocations     | 1 2 |  2.0
Short Blades   | 2 4 5 |  5.0
Stealth        | 1 |  1.2
Long Blades    | 1 |  1.0

Action                   |  1- 3 |  4- 6 |  7- 9 || total
-------------------------+-------+-------+-------++-------
Melee: Flail             |    73 |    30 |       ||   103
       Headbutt          |    18 |    23 |    51 ||    92
       Dagger            |       |    69 |   310 ||   379
       Long sword        |       |       |    27 ||    27
Invok: Whirlwind         |     4 |     4 |    21 ||    29
       Lunge             |     4 |     7 |     8 ||    19
Evoke: Wand              |       |     9 |     7 ||    16
  Use: Scroll            |     1 |     2 |     3 ||     6
       Potion            |       |       |     5 ||     5
Armor: Scale mail        |    26 |    45 |       ||    71
       Chain mail        |       |     2 |   133 ||   135
Dodge: Dodged            |    26 |    44 |   147 ||   217
Block: Buckler           |    10 |    21 |   161 ||   192
       Reflection        |       |       |     4 ||     4
